 Dungeon Crawl Stone Soup version 0.30.1-11-g7821555f0a (webtiles) character file.

Game seed: 16471747017643494544

39 fireball365 the Trooper (level 3, 0/33 HPs)
             Began as a Hill Orc Fighter on Dec 3, 2023.
             Slain by a gnoll
             ... wielding a +0 flail
              (8 damage)
             ... on level 2 of the Dungeon.
             The game lasted 00:01:56 (851 turns).

fireball365 the Trooper (Hill Orc Fighter)           Turns: 851, Time: 00:01:58

Health: 0/33       AC:  6    Str: 20    XL:     3   Next: 45%
Magic:  3/3        EV:  9    Int:  8    God:
Gold:   88         SH:  4    Dex: 10    Spells: 2/2 levels left

rFire   . . .        a - +0 war axe (venom)
rCold   . . .        c - +0 buckler
rNeg    . . .        b - +0 scale mail
rPois   .            (no helmet)
rElec   .            (no cloak)
rCorr   +            (no gloves)
SInv    .            (no boots)
Will    .....        g - amulet of the acrobat Stlth
                     e - ring of resist corrosion
HPRegen 0.25/turn    (no ring)
MPRegen 0.08/turn

%: acrobat
@: no status effects
A: no striking features
a: no special abilities


You were on level 2 of the Dungeon.
You visited 1 branch of the dungeon, and saw 2 of its levels.

You collected 88 gold pieces.

Inventory:

Hand Weapons
 a - a +0 war axe of venom (weapon)
Missiles
 h - 6 boomerangs (quivered)
Armour
 b - a +0 scale mail (worn)
 c - a +0 buckler (worn)
Jewellery
 e - a ring of resist corrosion (left hand)
 g - an amulet of the acrobat (around neck)
Scrolls
 f - a scroll of fog {unknown}
 i - a scroll of teleportation
 j - 2 scrolls of identify {unknown}
 k - a scroll of immolation {unknown}
Potions
 d - a potion of might


   Skills:
 + Level 4.1 Fighting
 + Level 3.1 Axes
 + Level 3.6 Armour
 + Level 0.6 Stealth
 + Level 3.7 Shields


You had 2 spell levels left.
You didn't know any spells.
Your spell library was empty.

Dungeon Overview and Level Annotations

Branches:
Dungeon (2/15)

Altars:


Message History

You see here a +0 spear.
Found 10 gold pieces.
j - 2 scrolls labelled RIOPTU YMUTH (gained 1)
Found a scroll of torment.
A gnoll comes into view. It is wielding a +0 flail.
The gnoll shouts!
You hear a shout!
You see here 10 gold pieces.
You see here 10 gold pieces.
You now have 88 gold pieces (gained 10).
A gnoll comes into view. It is wielding a +0 spear.
The gnoll shouts!
The gnoll misses you. You block the gnoll's attack.
The gnoll closely misses you.
A gnoll comes into view. It is wielding a +0 club.
The gnoll closely misses you. The gnoll misses you.
The gnoll attacks as you move away! The gnoll misses you.
You closely miss the gnoll.
The gnoll shouts!
The gnoll closely misses you.
You hit the gnoll.
The gnoll is poisoned.
The gnoll is moderately wounded.
The gnoll hits you from afar with a +0 spear!
You block the gnoll's attack.
You hit the gnoll.
The gnoll is heavily wounded.
The gnoll misses you. The gnoll barely misses you.
The gnoll hits you with a +0 flail!
The gnoll hits you from afar with a +0 spear.
You closely miss the gnoll.
The gnoll is heavily wounded.
You block the gnoll's attack. The gnoll closely misses you.
You closely miss the gnoll.
The gnoll is severely wounded.
The gnoll hits you from afar with a +0 spear.
The gnoll hits you with a +0 flail.
* * * LOW HITPOINT WARNING * * *
The gnoll hits you with a +0 flail!
You die...

##### #...# #...# #...#
##...# ###....#
######?..
#####.....#####........
#####........ggg@...#
).....###..##########
.#######...# .###
#...##
...####..#########
..................
####..#g........##
.......#.........
#..##.##.[......#.


You could see 3 gnolls.

Vanquished Creatures
  An adder (D:2)
  A dart slug (D:2)
  An endoplasm (D:2)
  3 giant cockroaches
  3 goblins (D:1)
  2 hobgoblins (D:1)
  4 quokkas
  3 ball pythons
  4 bats (D:1)
  A frilled lizard (D:1)
  3 rats (D:1)
26 creatures vanquished.

Notes
Turn   | Place    | Note
-------+----------+-------------------------------------------
     0 | D:1      | fireball365 the Hill Orc Fighter began the quest for the
                  | Orb.
     0 | D:1      | Reached XP level 1. HP: 19/19 MP: 1/1
    42 | D:1      | Found a faded altar of an unknown god.
   210 | D:1      | Reached XP level 2. HP: 27/27 MP: 2/2
   266 | D:1      | Reached skill level 4 in Fighting
   719 | D:2      | Reached XP level 3. HP: 33/33 MP: 3/3
   851 | D:2      | Slain by a gnoll

Illustrated notes

Levels and vault maps discovered:
D:1:      spicycebolla_arrival_clurvy, layout_basic,
          nicolae_ecumenical_lake_church, hangedman_abyss_or_decor_lesser_grid,
          nrook_mini_vaults, minmay_misc_feat_tiny, corner_web_ring
D:2:      layout_rooms, uniq_jessica

Skill      XL: |  1  2 |
---------------+-------+-----
Fighting       | 4 |  4.1
Axes           | 3 |  3.1
Armour         | |  3.6
Stealth        | |  0.6
Shields        | |  3.7

Action                     || total
---------------------------++-------
  Melee: War axe           ||    59
    Use: Scroll            ||     3
 Armour: Scale mail        ||    32
  Dodge: Dodged            ||    59
  Block: Buckler           ||    21
